Selects Airborne Battlegroup
Selects Heavy Machine Gun Paradrop
Heavy Machine Gun Paradrop
Selects Paratrooper Squad Paradrop
Paratrooper Squad Paradrop
Construct Weapon Support Center
Construct Medical Station
Selects Anti-tank Gun Team Paradrop
Anti-tank Gun Team Paradrop
Mechanized Support Center
Paratrooper Squad Paradrop
Anti-tank Gun Team Paradrop
Designate Forward Repair Station
Selects Carpet Bombing Run
M18 Hellcat Tank Destroyer
M4A1(76) Sherman Medium Tank
M18 Hellcat Tank Destroyer
M18 Hellcat Tank Destroyer
M18 Hellcat Tank Destroyer